 Dungeon Crawl Stone Soup version 0.29-a0-340-g6efceafd81 (webtiles) character file.

Game seed: 12614727057908952344

93 zishaf the Chiller (level 4, -7/35 HPs)
             Began as a Barachi Ice Elementalist on Apr 19, 2022.
             Mangled by Grinder (8 damage)
             ... while paralysed by Grinder
             ... on level 3 of the Dungeon.
             The game lasted 00:04:50 (1878 turns).

zishaf the Chiller (Barachi Ice Elementalist)       Turns: 1878, Time: 00:04:51

Health: -7/35      AC:  9    Str:  9    XL:     4   Next: 61%
Magic:  10/17      EV:  2    Int: 18    God:
Gold:   85         SH:  0    Dex: 12    Spells: 1/8 levels left

rFire   + . .      SeeInvis .   r - staff of cold
rCold   + . .      Faith    .   (no shield)
rNeg    . . .      Spirit   .   a - +0 robe
rPois   .          Reflect  .   (no helmet)
rElec   .          Harm     .   (no cloak)
rCorr   .          Rampage  .   (no gloves)
Will    .....                   (no boots)
Stlth   ++........              m - amulet of magic regeneration
HPRegen 0.11/turn               f - ring of protection from fire
MPRegen 0.55/turn               t - ring of magical power

@: paralysed, ice-armoured, unable to hop, slow
A: amphibious, slowness 1, strong legs 1, +LOS
a: Hop


You were on level 3 of the Dungeon.
You visited 1 branch of the dungeon, and saw 3 of its levels.

You collected 85 gold pieces.

Inventory:

Hand Weapons
 d - a +0 whip
 g - a +0 short sword
Missiles
 h - 4 poisoned darts
Armour
 a - a +0 robe (worn)
 k - a +0 ring mail
Magical Staves
 r - a staff of cold (weapon)
Jewellery
 f - a ring of protection from fire (left hand)
 m - an amulet of magic regeneration (around neck)
 n - a ring of resist corrosion
 p - an amulet of guardian spirit
 t - a ring of magical power (right hand)
Scrolls
 c - 2 scrolls of identify {unknown}
 i - 2 scrolls of magic mapping {unknown}
 j - 3 scrolls of vulnerability {unknown}
 q - a scroll of fear {unknown}
Potions
 b - a potion of magic
 e - a potion of berserk rage {unknown}
 l - 2 potions of haste {unknown}
 o - 2 potions of resistance {unknown}
 s - a potion of degeneration {unknown}
 u - a potion of brilliance {unknown}


   Skills:
 + Level 3.0 Fighting
 - Level 2.1 Dodging
 - Level 1.7 Stealth
 + Level 2.8 Spellcasting
 + Level 5.8 Ice Magic


You had one spell level left.
You knew the following spells:

 Your Spells              Type           Power      Damage    Failure   Level
a - Freeze                Ice            100%       1d11      1%          1
b - Frozen Ramparts       Ice            70%        1d9       4%          3
c - Ozocubu's Armour      Ice            35%        N/A       4%          3

Your spell library contained the following spells:

 Spells                   Type           Power      Damage    Failure   Level
 Corpse Rot               Necr/Air       4%         N/A       26%         2
 Poisonous Vapours        Pois/Air       4%         N/A       26%         2
 Hailstorm                Conj/Ice       19%        3d6       45%         4


Dungeon Overview and Level Annotations

Branches:
Dungeon (3/15)

Altars:
Ashenzari
Dithmenos
Fedhas
Hepliaklqana
Qazlal
Yredelemnul

Annotations:
D:3 Grinder


Innate Abilities, Weirdness & Mutations

You are amphibious.
You cover ground slowly.
You can hop short distances.
You have an extended range of vision and can be seen from far away.


Message History

The wall freezes Grinder but does no damage.
Grinder hits you.
You writhe in agony.
Casting: Freeze (safe; 1% risk of failure)
Confirm with . or Enter, or press ? or * to list all spells.
Aiming: Freeze (safe; 1% risk of failure)
Press: ? - help, Shift-Dir - straight line, f/p - Grinder
Aim: Grinder (moderately wounded)
You feel a surge of power!
You freeze Grinder but do no damage.
Grinder completely resists.
Grinder resists.
The wall freezes Grinder.
Grinder closely misses you.
Unknown command.
Casting: Freeze (safe; 1% risk of failure)
Confirm with . or Enter, or press ? or * to list all spells.
Aiming: Freeze (safe; 1% risk of failure)
Press: ? - help, Shift-Dir - straight line, f/p - Grinder
Aim: Grinder (moderately wounded)
You feel a surge of power!
You freeze Grinder but do no damage.
Grinder completely resists. x2
The wall freezes Grinder but does no damage.
Grinder says, "Wait up."
Grinder barely misses you.
Casting: Freeze (safe; 1% risk of failure)
Confirm with . or Enter, or press ? or * to list all spells.
Aiming: Freeze (safe; 1% risk of failure)
Press: ? - help, Shift-Dir - straight line, f/p - Grinder
Aim: Grinder (moderately wounded)
You feel a surge of power!
You freeze Grinder.
Grinder resists.
Grinder is moderately wounded.
The frozen ramparts melt away.
Grinder gestures at you.
You suddenly lose the ability to move!
Grinder barely misses you. Grinder gestures at you.
You shrug off the repeated paralysis!
Grinder hits you!
* * * LOW HITPOINT WARNING * * *
You writhe in agony.
* * * LOW HITPOINT WARNING * * *
Grinder hits you!
You die...

#........# #........# ...
#........# ... #........#
#.# .. #........# #.# ..
#........# #.# .#
.........# #.# .#
#........####.#########.#
#........+.....5@.......#
#........####.########..#
...).#.### #.#.....##..#
##.#.#.######<#.###.....#
##.#+#............#..#..#
...........####.#.#..#..#
..............#...#..##.#
..............#####..# .#
..............# #..# ##


You could see Grinder.

Vanquished Creatures
  An iguana (D:2)
  2 adders (D:2)
  A worm (D:3)
  6 ball pythons
  A bat (D:1)
  5 endoplasms
  2 giant cockroaches
  4 goblins
  6 hobgoblins
  2 quokkas
  2 frilled lizards (D:1)
  7 kobolds
  3 rats (D:1)
42 creatures vanquished.

Vanquished Creatures (others)
  12 fungi (D:1)
12 creatures vanquished.

Grand Total: 54 creatures vanquished

Notes
Turn   | Place    | Note
-------+----------+-------------------------------------------
     0 | D:1      | zishaf the Barachi Ice Elementalist began the quest for the
                  | Orb.
     0 | D:1      | Reached XP level 1. HP: 13/13 MP: 3/3
    49 | D:1      | Reached skill level 1 in Fighting
    49 | D:1      | Reached skill level 5 in Ice Magic
    68 | D:1      | Reached XP level 2. HP: 7/21 MP: 0/5
   714 | D:1      | Reached XP level 3. HP: 27/27 MP: 2/6
   718 | D:1      | Learned a level 3 spell: Frozen Ramparts
   758 | D:1      | Found a faded altar of an unknown god.
  1087 | D:2      | Identified the +1 chain mail "Wubuph" {*Corrode +Blink rN+
                  | Dex+3}
  1186 | D:2      | Reached XP level 4. HP: 33/34 MP: 3/7
  1588 | D:2      | Learned a level 3 spell: Ozocubu's Armour
  1810 | D:3      | Found a broken altar of Ashenzari.
  1810 | D:3      | Found a shadowy altar of Dithmenos.
  1811 | D:3      | Found a blossoming altar of Fedhas.
  1811 | D:3      | Found a stormy altar of Qazlal.
  1816 | D:3      | Found a basalt altar of Yredelemnul.
  1820 | D:3      | Found a hazy altar of Hepliaklqana.
  1861 | D:3      | Noticed Grinder
  1874 | D:3      | Paralysed by Grinder for 7 turns
  1877 | D:3      | HP: 1/35 [Grinder (6)]
  1878 | D:3      | Mangled by Grinder

Illustrated notes

Levels and vault maps discovered:
D:1:      scummos_arrival_checkerplants, layout_loops_ring,
          hellmonk_ecumenical_altar_heavens_door
D:2:      layout_rooms, minmay_splitting_lines
D:3:      layout_basic, grunt_temple_overflow_opulence,
          minmay_overflow_temple_hex, grunt_decor_mini_mirrors,
          uniq_crazy_yiuf_cottage, uniq_grinder

Skill      XL: |  1  2  3  4 |
---------------+-------------+-----
Fighting       | 1 2 3 |  3.0
Ice Magic      | 5 |  5.8
Dodging        | |  2.1
Stealth        | |  1.7
Spellcasting   | |  2.8

Action                   |  1- 3 |  4- 6 || total
-------------------------+-------+-------++-------
Melee: Whip              |     7 |       ||     7
       Short sword       |     5 |     2 ||     7
       Staff             |       |     2 ||     2
 Cast: Freeze            |    43 |    18 ||    61
       Frozen Ramparts   |     1 |     3 ||     4
       Ozocubu's Armour  |       |     1 ||     1
 Abil: Hop               |       |     1 ||     1
Armor: Robe              |     2 |     2 ||     4
Dodge: Dodged            |    28 |    10 ||    38

Table legend: (Time is in decaauts)
 A = Elapsed time spent in this place.
 B = Non-inter-level travel time spent in this place.
 C = Inter-level travel time spent in this place.
 D = Time resting spent in this place.
 E = Time spent auto-exploring this place.
 F = Levels seen in this place.
 G = Mean time per level.
                   A        B        C        D        E       F      G
               +--------+--------+--------+--------+--------+-----+--------+
         Total |   2095 |   2056 |     39 |    306 |   1296 |   3 |  698.3 |
       Dungeon |   2095 |   2056 |     39 |    306 |   1296 |   3 |  698.3 |
               +--------+--------+--------+--------+--------+-----+--------+

Top non-repeatable levels by time:
     D:1: 1181 daAuts
     D:2: 604 daAuts
     D:3: 309 daAuts
